 Dungeon Crawl Stone Soup version 0.25.1-8-g42b30a86e7 (webtiles) character file.

Game seed: 2438700267982607642

28739 Eitelfritz the Basher (level 13, -3/111 HPs)
             Began as a Hill Orc Fighter on Dec 20, 2020.
             Was a High Priest of Beogh.
             Slain by a fire elemental (11 damage)
             ... led by Azrael
             ... on level 13 of the Dungeon.
             The game lasted 01:02:25 (17001 turns).

Eitelfritz the Basher (Hill Orc Fighter)           Turns: 17001, Time: 01:02:25

Health: -3/111     AC: 19    Str: 21    XL:     13   Next: 40%
Magic:  0/19       EV: 10    Int: 13    God:    Beogh [*****.]
Gold:   1285       SH: 13    Dex: 15    Spells: 12/12 levels left

rFire    . . .     SeeInvis .   b - +7 flail (holy)
rCold    . . .     Gourm    .   c - +1 kite shield
rNeg     + + .     Faith    .   V - +0 chain mail {rN+}
rPois    +         Spirit   +   d - +0 helmet
rElec    .         Reflect  .   J - +2 ratskin cloak {+Rats rPois rN+ Str-1 Int-1 Dex+1}
rCorr    .         Harm     .   U - +0 pair of gloves
MR       +....                  R - +0 pair of boots
Stlth    ..........             Q - amulet "Veaciclu" {Spirit Int+4 Dex+4}
HPRegen  0.28/turn              A - ring of protection from magic
MPRegen  0.16/turn              F - ring of stealth

@: no status effects
A: walk on water
a: Smiting, Recall Orcish Followers, Give Item to Named Follower, Renounce
Religion, Evoke Ratskin


You were on level 13 of the Dungeon.
You worshipped Beogh.
Beogh was extremely pleased with you.
You were not hungry.

You visited 2 branches of the dungeon, and saw 14 of its levels.
You also visited: Bailey.

You collected 1285 gold pieces.

Inventory:

Hand Weapons
 a - a +1 war axe of venom
 b - a +7 flail of holy wrath (weapon)
Missiles
 w - 7 throwing nets
 H - 53 boomerangs (quivered)
Armour
 c - a +1 kite shield (worn)
 d - a +0 helmet (worn)
 g - +0 acid dragon scales
 z - a +2 scale mail of cold resistance
 J - the +2 ratskin cloak (worn) {+Rats rPois rN+ Str-1 Int-1 Dex+1}
   (You found it on level 6 of the Dungeon)

   It affects your strength (-1).
   It affects your intelligence (-1).
   It affects your dexterity (+1).
   It protects you from poison.
   It protects you from negative energy.
 R - a +0 pair of boots (worn)
 T - a +0 troll leather armour
 U - a +0 pair of gloves (worn)
 V - a +0 chain mail of positive energy (worn)
Jewellery
 m - an uncursed ring of stealth
 A - a ring of protection from magic (left hand)
 F - a ring of stealth (right hand)
 Q - the amulet "Veaciclu" (around neck) {Spirit Int+4 Dex+4}
   (You found it on level 9 of the Dungeon)

   [amulet of guardian spirit]

   It causes incoming damage to be split between your health and magic.
   It affects your intelligence (+4).
   It affects your dexterity (+4).
 S - an uncursed ring of flight
Wands
 q - a wand of paralysis (17)
 E - a wand of iceblast (11)
 L - a wand of flame (20)
 M - a wand of digging (3)
 Y - a wand of clouds (5)
Scrolls
 h - 3 scrolls of amnesia
 i - 8 scrolls of teleportation
 j - a scroll of fear
 l - 7 scrolls of remove curse
 o - 5 scrolls of immolation
 p - a scroll of blinking
 v - a scroll of magic mapping {unknown}
 y - 2 scrolls of enchant weapon
 D - a scroll of enchant armour
 G - 6 scrolls of identify
 P - a scroll of vulnerability
Potions
 e - a potion of cancellation
 k - 4 potions of brilliance
 n - 4 potions of stabbing
 r - 2 potions of resistance
 s - a potion of ambrosia
 t - 6 potions of flight
 x - a potion of magic
 B - 4 potions of curing
 C - a potion of invisibility
 I - a potion of might
 K - 2 potions of haste
 N - a potion of mutation
 W - a potion of berserk rage
 X - a potion of lignification
Comestibles
 f - 18 rations


   Skills:
 + Level 9.6 Fighting
 + Level 7.4(11.8) Axes
 + Level 12.2(12.7) Maces & Flails
 + Level 0.9 Throwing
 + Level 10.1 Armour
 + Level 4.8 Dodging
 + Level 3.0 Stealth
 + Level 11.1 Shields
 * Level 8.1 Invocations
 - Level 6.0 Evocations


You had 12 spell levels left.
You didn't know any spells.
Your spell library contained the following spells:

 Spells                   Type           Power        Failure   Level  Hunger
 Animate Skeleton         Necr           N/A          97%         1    ##.....
 Apportation              Tloc           #.....       97%         1    ##.....
 Corona                   Hex            #......      97%         1    ##.....
 Freeze                   Ice            #...         97%         1    ##.....
 Infusion                 Chrm           #...         97%         1    ##.....
 Pain                     Necr           #...         97%         1    ##.....
 Sting                    Tmut/Pois      #...         97%         1    ##.....
 Summon Small Mammal      Summ           #...         97%         1    ##.....
 Poisonous Vapours        Pois/Air       #.....       99%         2    ###....
 Shroud of Golubria       Chrm/Tloc      #.....       99%         2    ###....
 Song of Slaying          Chrm           #.......     99%         2    ###....
 Confusing Touch          Hex            #.......     100%        3    ####...
 Frozen Ramparts          Ice            #.....       100%        3    ####...
 Gell's Gravitas          Tloc           #.........   100%        3    ####...
 Ignite Poison            Fire/Tmut/Pois #.......     100%        3    ####...
 Mephitic Cloud           Conj/Pois/Air  #.......     100%        3    ####...
 Ozocubu's Armour         Chrm/Ice       #.......     100%        3    ####...
 Spectral Weapon          Hex/Chrm       #.......     100%        3    ####...
 Vampiric Draining        Necr           #.........   100%        3    ####...
 Animate Dead             Necr           N/A          100%        4    #####..
 Hailstorm                Conj/Ice       #.......     100%        4    #####..
 Olgreb's Toxic Radiance  Pois           #.......     100%        4    #####..
 Petrify                  Tmut/Erth      #.......     100%        4    #####..
 Summon Ice Beast         Ice/Summ       #.......     100%        4    #####..
 Agony                    Necr           #.......     100%        5    ######.
 Metabolic Englaciation   Hex/Ice        #.........   100%        5    ######.
 Yara's Violent Unravell  Hex/Tmut       #.........   100%        5    ######.


Dungeon Overview and Level Annotations

Branches:
Dungeon (13/15)            Temple (1/1) D:7            Lair (0/6) D:9
    Orc (0/2) D:11         Bailey (visited)
 Vaults: D:13-14

Altars:
Ashenzari
Cheibriados
Dithmenos
Elyvilon
Fedhas
Gozag
Hepliaklqana
Kikubaaqudgha
Makhleb
Nemelex Xobeh
Okawaru
Qazlal
Ru
Sif Muna
Trog
Uskayaw
Vehumet
Wu Jian
Xom
Yredelemnul
Zin
The Shining One

Shops:
D:4 %   D:12 *

Portals:
Abyss: D:7

Annotations:
D:12 Nergalle


Message History

The fire elemental hits Berold.
The fire elemental burns Berold!
Berold barely misses the fire elemental.
Berold hits the fire elemental with a +0 battleaxe of draining!
The fire elemental is destroyed!
Beogh accepts your kill. You block the fire elemental's attack.
You see here an arrow.
Berold roars a battlecry!
Your orc warlord goes into a battle-frenzy!
Your orc warlord is engulfed in blazing flames.
Your orc warlord roars a battlecry!
Berold goes into a battle-frenzy!
You block the fire elemental's attack.
You block the fire elemental's attack. x2
Your orc warlord is engulfed in blazing flames.
Things that are here:
a +0 dagger; an orc corpse You block the fire elemental's attack.
The fire elemental closely misses you. The fire elemental hits you.
The fire elemental burns you!
You die...

#......).....
#............
########...o##.....
#.....##(#####.....
#....°°..(..##..###
#...○.......######.
#..E○...?).(.......
#..Eo.o.)))†.......
#.@..........).....
#..##.##...%##.....
#..##.####+## .....
#..#... ....# #..#
... #### #... ..# #
#### # # ###


You could see 2 fire elementals, a friendly orc warlord (strong) and the
friendly Berold the orc knight (strong).

Vanquished Creatures
  A hydra (D:9)
  2 two-headed ogres
  2 skeletal warriors
  The ghost of Alannah the Knight, a novice GrHu of Okawaru (D:7)
  An ugly thing (D:11)
  A slime creature (D:12)
  A manticore (D:12)
  A toenail golem (D:7)
  A gargoyle (D:11)
  A komodo dragon (D:9)
  2 freezing wraiths
  The ghost of Doot the Chiller, a novice BaIE (D:5)
  A kobold demonologist (D:8)
  A merfolk (D:12)
  2 trolls
  A hippogriff (D:13)
  A redback (D:9)
  A shadow (D:13)
  12 yaks
  2 wraiths
  A wyvern (D:9)
  3 hungry ghosts
  3 vampire mosquitoes
  A steam dragon (D:9)
  Edmund (D:5)
  A soldier ant (D:13)
  A hell hound (D:13)
  A water moccasin (D:12)
  7 orc warriors
  An eye of draining (D:12)
  4 ice beasts
  A black bear (D:11)
  A necrophage (D:6)
  4 phantoms
  4 ogres
  6 centaurs
  6 big kobolds (D:8)
  A bullfrog (D:11)
  A wyvern skeleton (D:6)
  3 scorpions
  12 killer bees
  An electric eel (D:13)
  3 centaur zombies
  3 crimson imps
  3 howler monkeys
  3 quasits
  2 bullfrog zombies
  8 orc priests
  2 centaur skeletons
  9 hounds
  2 jellies
  4 bullfrog skeletons
  An iguana (D:11)
  Terence (D:3)
  3 hell rats (D:6)
  19 orc wizards
  10 worker ants
  2 hound skeletons (D:6)
  A worker ant zombie (D:9)
  17 adders
  4 gnolls
  4 river rats (D:6)
  4 shadow imps
  3 oozes
  An adder zombie (D:8)
  2 adder skeletons (D:6)
  2 worms (D:2)
  A dart slug (D:3)
  5 leopard geckos
  36 orcs
  7 giant cockroaches
  16 goblins
  9 hobgoblins
  11 jackals
  27 kobolds
  5 quokkas
  A ball python (D:1)
  4 bats
  7 frilled lizards
  A leopard gecko zombie (D:6)
  21 rats
  A fungus (D:1)
365 creatures vanquished.

Vanquished Creatures (collateral kills)
  An orc warlord (D:12)
  Azrael (D:13)
  Nessos (D:13)
  Harold (D:10)
  A death knight (D:12)
  2 two-headed ogres (D:12)
  A deep troll earth mage (D:12)
  A deep elf mage (D:13)
  An ugly thing (D:13)
  A cyclops (D:11)
  A centaur zombie (D:11)
  A gargoyle (D:12)
  A centaur skeleton (D:11)
  A freezing wraith (D:12)
  A tengu conjurer (D:9)
  A troll (D:11)
  3 slime creatures (D:12)
  A hippogriff (D:12)
  A centaur simulacrum (D:12)
  3 fire elementals (D:13)
  2 wyverns
  11 yaks
  A hungry ghost (D:9)
  A vampire mosquito (D:9)
  3 acid dragons
  2 water moccasins
  A small abomination (D:7)
  2 hell hounds (D:13)
  3 orc warriors
  A black bear (D:12)
  An eye of draining (shapeshifter) (D:13)
  3 ogres
  A phantom (D:11)
  11 centaurs
  A big kobold (D:8)
  A bullfrog (D:9)
  A wyvern zombie (D:9)
  A scorpion (D:9)
  6 killer bees
  A quasit (D:7)
  A jelly (D:10)
  A bullfrog zombie (D:9)
  4 orc wizards
  2 bullfrog skeletons
  2 orc priests
  2 hounds
  2 iguanas
  3 worker ants
  A hound zombie (D:11)
  2 adders
  2 shadow imps
  2 white imps (D:7)
  A leopard gecko (D:9)
  8 orcs
  A goblin (D:9)
  A hobgoblin (Bailey)
  2 kobolds (Bailey)
  A leopard gecko skeleton (D:9)
  A quokka zombie (D:9)
  A withered plant (D:5)
119 creatures vanquished.

Vanquished Creatures (others)
  An orc high priest (D:12)
  Nergalle (D:12)
  2 unseen horrors
  An orc knight (D:9)
  A toenail golem (D:7)
  A wyvern (D:9)
  3 orc warriors
  An orc priest (D:11)
  A bullfrog skeleton (D:4)
  7 orc wizards
  23 orcs
  A leopard gecko (D:4)
  5 plants (D:9)
  A withered plant (D:5)
49 creatures vanquished.

Grand Total: 533 creatures vanquished

Notes
Turn   | Place    | Note
-------+----------+-------------------------------------------
     0 | D:1      | Eitelfritz the Hill Orc Fighter began the quest for the
                  | Orb.
     0 | D:1      | Reached XP level 1. HP: 19/19 MP: 1/1
   159 | D:1      | Reached XP level 2. HP: 23/27 MP: 2/2
   514 | D:1      | Reached XP level 3. HP: 20/33 MP: 3/3
  1565 | D:2      | Reached XP level 4. HP: 40/40 MP: 4/4
  2604 | D:3      | Reached XP level 5. HP: 46/46 MP: 5/5
  3502 | D:3      | Noticed Terence
  3515 | D:3      | Killed Terence
  3515 | D:3      | Reached skill level 5 in Shields
  3515 | D:3      | Reached XP level 6. HP: 50/52 MP: 6/6
  3615 | D:4      | Reached skill level 5 in Axes
  3674 | D:4      | Found Ilupu's Food Shoppe.
  3980 | D:4      | Became a worshipper of Beogh the Brigand
  4443 | D:4      | Reached skill level 1 in Dodging
  4443 | D:4      | Reached XP level 7. HP: 39/60 MP: 7/7
  5216 | D:5      | Entered Level 5 of the Dungeon
  5216 | D:5      | Noticed Edmund
  5230 | D:5      | Killed Edmund
  5230 | D:5      | Reached skill level 5 in Armour
  5536 | D:5      | Reached XP level 8. HP: 62/67 MP: 8/8
  5661 | D:5      | Reached skill level 1 in Stealth
  5764 | D:5      | Found a runed translucent door.
  5764 | D:5      | Noticed Doot's ghost (novice BaIE)
  6162 | D:5      | Reached skill level 1 in Maces & Flails
  6245 | D:6      | Reached skill level 5 in Fighting
  6270 | D:6      | Reached skill level 2 in Maces & Flails
  6396 | D:6      | Reached * piety under Beogh
  6511 | D:6      | Reached skill level 3 in Maces & Flails
  6925 | D:6      | Reached skill level 4 in Maces & Flails
  6951 | D:6      | Reached XP level 9. HP: 74/74 MP: 9/9
  7174 | D:6      | Reached ** piety under Beogh
  7200 | D:6      | Reached skill level 5 in Maces & Flails
  7223 | D:6      | Found the +2 ratskin cloak {+Rats rPois rN+ Str-1 Int-1
                  | Dex+1}
  7795 | D:7      | Reached skill level 1 in Evocations
  7836 | D:7      | Found a staircase to the Ecumenical Temple.
  7959 | D:7      | Found a transporter.
  7967 | D:7      | Noticed a toenail golem
  7970 | D:7      | Noticed Alannah's ghost (novice GrHu)
  7971 | D:7      | Found a transporter.
  8010 | D:7      | Found a one-way gate to the infinite horrors of the Abyss.
  8043 | D:7      | Noticed a toenail golem
  8201 | Temple   | Entered the Ecumenical Temple
  8668 | D:8      | Reached skill level 6 in Maces & Flails
  8831 | D:8      | Found a shattered altar of Ashenzari.
  8927 | D:8      | Reached *** piety under Beogh
  9687 | D:8      | Reached skill level 7 in Maces & Flails
  9706 | D:8      | Reached XP level 10. HP: 84/84 MP: 12/12
  9763 | D:8      | Noticed a kobold demonologist
  9767 | D:8      | Noticed an orange demon
  9773 | D:8      | Noticed a sun demon
  9782 | D:8      | Noticed a sun demon
  9782 | D:8      | Killed a kobold demonologist
 10299 | D:5      | Killed Doot's ghost
 10409 | D:7      | Banished a toenail golem
 10428 | D:7      | Killed a toenail golem
 10516 | D:7      | Killed Alannah's ghost
 10666 | D:9      | Reached **** piety under Beogh
 10741 | D:9      | Reached skill level 8 in Maces & Flails
 10791 | D:9      | Noticed a two-headed ogre
 10802 | D:9      | Killed a two-headed ogre
 10802 | D:9      | Reached skill level 5 in Evocations
 10802 | D:9      | Reached XP level 11. HP: 9/92 MP: 14/14
 10904 | D:9      | Found a flagged portal.
 10916 | Bailey   | Entered a bailey
 10983 | Bailey   | Noticed an orc warlord
 11036 | Bailey   | Reached ***** piety under Beogh
 11275 | Bailey   | Found a runed translucent gate.
 11276 | Bailey   | Found a runed translucent gate.
 11277 | Bailey   | Found a runed translucent gate.
 11508 | D:9      | Noticed an eight-headed hydra
 11520 | D:9      | Killed an eight-headed hydra
 11904 | D:9      | Reached skill level 9 in Maces & Flails
 12352 | D:9      | Got a pitted graven amulet
 12374 | D:9      | Identified the amulet "Veaciclu" {Spirit Int+4 Dex+4} (You
                  | found it on level 9 of the Dungeon)
 12532 | D:9      | Found a staircase to the Lair.
 12743 | D:10     | Entered Level 10 of the Dungeon
 12841 | D:10     | Reached skill level 1 in Invocations
 12887 | D:10     | Noticed Harold
 12897 | D:10     | Killed Harold
 13414 | D:11     | Noticed a two-headed ogre
 13424 | D:11     | Killed a two-headed ogre
 13424 | D:11     | Reached skill level 10 in Maces & Flails
 13581 | D:11     | Killed an unseen horror
 13581 | D:11     | Reached XP level 12. HP: 85/103 MP: 16/16
 13637 | D:11     | Reached ****** piety under Beogh
 13655 | D:11     | Reached skill level 10 in Shields
 13667 | D:11     | Gained Ugbert as an ally
 13675 | D:11     | Your ally Ugbert died
 13699 | D:11     | Reached skill level 5 in Invocations
 13823 | D:11     | Gained Berold as an ally
 14166 | D:11     | Found a staircase to the Orcish Mines.
 14909 | D:11     | Reached skill level 11 in Maces & Flails
 14977 | D:12     | Noticed a death knight
 15002 | D:12     | Killed a death knight
 15010 | D:12     | Noticed a two-headed ogre
 15019 | D:12     | Killed a two-headed ogre
 15099 | D:12     | Noticed a two-headed ogre
 15107 | D:12     | Killed a two-headed ogre
 15341 | D:12     | Noticed Nergalle
 15360 | D:12     | Reached XP level 13. HP: 47/111 MP: 7/18
 15691 | D:12     | Found Vaqoud's General Store.
 15804 | D:12     | Found a large runed translucent door.
 15804 | D:12     | Found a large runed translucent door.
 15930 | D:12     | Found an ancient bone altar of Kikubaaqudgha.
 15930 | D:12     | Noticed an orc warlord
 15947 | D:12     | Killed an orc warlord
 15947 | D:12     | Reached skill level 12 in Maces & Flails
 15973 | D:12     | Your ally died
 15981 | D:12     | HP: 5/111 [deep troll earth mage (10)]
 16329 | D:12     | Found a sacrificial altar of Ru.
 16967 | D:13     | Noticed Nessos
 16978 | D:13     | Noticed Azrael
 16980 | D:13     | Killed Nessos
 16980 | D:13     | Reached skill level 10 in Armour
 16991 | D:13     | Killed Azrael
 16991 | D:13     | HP: 5/111 [fire elemental[Azrael] (7)]
 17001 | D:13     | Slain by a fire elemental

Illustrated notes

Levels and vault maps discovered:
D:1:      dpeg_cavernosity, layout_loops_ring
D:2:      layout_basic
D:3:      layout_rooms, first_ration, minmay_misc_feat_hallway,
          minmay_quadrilaterals, uniq_terence
D:4:      layout_loops_corners, serial_shops, nicolae_shop_behind_doors
D:5:      layout_loops_ring, gammafunk_ghost_grave, kennysheep_cross_bottleneck,
          uniq_edmund
D:6:      wander_guarded_unrand_ratskin, layout_loops_corners,
          minmay_fractal_squares_5
D:7:      layout_rooms, minmay_temple_entry_ruins,
          gammafunk_ghost_abyssal_escape, serial_curves, eino_curves_02,
          eino_curves_04
D:8:      layout_rooms, ashenzari_altar_1, special_room [special_room_kobold],
          minmay_fractal_squares_gapless_5
D:9:      minmay_the_grid_square_5x5_4x4
          [minmay_the_grid_square_5x5_spiral_small,
          minmay_the_grid_square_5x5_shuriken, minmay_the_grid_square_5x5_z,
          minmay_the_grid_square_5x5_half_checkered,
          minmay_the_grid_square_5x5_c, minmay_the_grid_square_5x5_prize_junk,
          minmay_the_grid_square_5x5_prize_snowflake,
          minmay_the_grid_square_5x5_doubleslash,
          minmay_the_grid_square_5x5_n_small,
          minmay_the_grid_square_5x5_prize_pseudospiral,
          minmay_the_grid_square_5x5_prize_monsterx,
          minmay_the_grid_square_5x5_one_wall,
          minmay_the_grid_square_5x5_minibox,
          minmay_the_grid_square_5x5_percent, minmay_the_grid_square_5x5_forky,
          minmay_the_grid_square_5x5_lines], layout_rooms, david_lair_shrubbed,
          enter_bailey_3
D:10:     layout_cave_pools, uniq_harold
D:11:     minmay_imperfect_grid, layout_irregular_city, david_orc_2
D:12:     layout_rooms, serial_shops, shop, hangedman_fish_farm,
          jmf_multi_god_temple2, uniq_nergalle
D:13:     layout_gridville, drop_trap, kennysheep_opposing_triangles,
          uniq_azrael, uniq_nessos
Temple:   compressed_dpeg_triangle_lava_temple

Skill      XL: |  1  2  3  4  5  6  7  8  9 10 11 12 13 |
---------------+----------------------------------------+-----
Axes           | 3 4 5 7 |  7.4
Shields        | 4 5 6 7 8 9 10 11 | 11.1
Fighting       | 4 5 6 7 8 9 |  9.6
Armour         | 4 5 6 7 8 9 10 | 10.1
Dodging        | 1 2 3 4 |  4.8
Stealth        | 1 2 3 |  3.0
Maces & Flails | 4 7 8 10 11 12 | 12.2
Evocations     | 2 5 6 |  6.0
Invocations    | 3 7 8 |  8.1
Throwing       | |  0.9

Action                   |  1- 3 |  4- 6 |  7- 9 | 10-12 | 13-15 || total
-------------------------+-------+-------+-------+-------+-------++-------
Melee: War axe           |   137 |   248 |    47 |       |       ||   432
       Flail             |       |       |   405 |   610 |   112 ||  1127
Throw: Boomerang         |       |       |       |    13 |       ||    13
Invok: Convert to Beogh  |       |     1 |       |       |       ||     1
       Smiting           |       |       |       |     1 |       ||     1
       Recall Orcish Fol |       |       |       |     1 |       ||     1
       Give Item to Name |       |       |       |       |     1 ||     1
       Resurrection      |       |       |       |       |     1 ||     1
  Use: Potion            |       |     3 |     2 |     6 |     4 ||    15
       Scroll            |       |       |    14 |    10 |     2 ||    26
 Stab: Distracted        |       |       |       |     3 |     2 ||     5
       Sleeping          |       |       |       |     1 |       ||     1
  Eat: Chunk             |     2 |     9 |     7 |    12 |       ||    30
       Ration            |       |       |     3 |     4 |     2 ||     9
Armor: Scale mail        |    46 |   103 |   169 |   283 |       ||   601
       Chain mail        |       |       |       |       |    52 ||    52
Dodge: Dodged            |    35 |    66 |   130 |   252 |    47 ||   530
Block: Kite shield       |    82 |   157 |   260 |   441 |    68 ||  1008
